 Dungeon Crawl Stone Soup version 0.23.0-3-gf3c87f2 (webtiles) character file.

Game seed: 5696241895333721984

154 Lanoc the Skirmisher (level 5, 0/63 HPs)
             Began as a Demonspawn Chaos Knight on Feb 23, 2019.
             Was a Plaything of Xom.
             Succumbed to Robin's poison
             ... on level 2 of the Dungeon.
             The game lasted 00:03:18 (973 turns).

Lanoc the Skirmisher (Demonspawn Chaos Knight)       Turns: 973, Time: 00:03:19

Health: 0/63       AC: 22    Str: 11 (13) XL:     5   Next: 13%
Magic:  5/5        EV:  2    Int: 17 (19) God:    Xom [..*...]
Gold:   45         SH:  3    Dex: 11 (12) Spells: 4/4 levels left

rFire    . . .     SeeInvis .   a - +0 falchion (chaos)
rCold    . . .     Gourm    .   h - +0 buckler
rNeg     + + +     Faith    .   (armour currently unavailable)
rPois    +         Spirit   .   (helmet currently unavailable)
rElec    .         Reflect  .   (cloak currently unavailable)
rCorr    .         Harm     .   (gloves currently unavailable)
MR       .....     NoTele   +   (boots currently unavailable)
Stlth    +.........             (no amulet)
HPRegen  0.20/turn              (no ring)
MPRegen  0.09/turn              (no ring)

@: brilliant, lethally poisoned (0 -> -12), tree-form
A: powered by death 1
a: Renounce Religion


You were on level 2 of the Dungeon.
You worshipped Xom.
You were a toy of Xom.
You were not hungry.
You were a tree.
You visited 1 branch of the dungeon, and saw 2 of its levels.

You collected 45 gold pieces.

Inventory:

Hand Weapons
 a - a +0 falchion of chaos (weapon)
Armour
 b - a +2 leather armour (melded)
 h - a +0 buckler (worn)
Scrolls
 k - a scroll of immolation {unknown}
 l - a scroll of enchant armour {unknown}
Potions
 e - a potion of degeneration
Comestibles
 c - 4 rations


   Skills:
 + Level 3.7 Fighting
 * Level 3.6 Long Blades
 + Level 2.6 Armour
 + Level 2.0 Dodging
 + Level 1.2 Shields


You had 4 spell levels left.
You didn't know any spells.
Your spell library was empty.

Dungeon Overview and Level Annotations

Branches:
Dungeon (2/15)

Altars:
Vehumet
Zin


Innate Abilities, Weirdness & Mutations

((You have sharp toenails.))
You regenerate a little health from kills.


Message History

You are more poisoned.
You hit Robin.
Robin suddenly stops moving!
Robin is almost dead.
* * * LOW HITPOINT WARNING * * *
You feel sick. The goblin hits you but does no damage.
The helpless Robin fails to defend herself.
You hit Robin.
You kill Robin!
* * * LOW HITPOINT WARNING * * *
You feel sick. The goblin hits you but does no damage.
You barely miss the goblin.
The goblin is moderately wounded.
* * * LOW HITPOINT WARNING * * *
You feel sick. The goblin completely misses you.
You riposte.
You hit the goblin.
The goblin appears confused.
The goblin is severely wounded.
You barely miss the goblin.
The goblin is severely wounded.
You die...
Xom cackles wildly!

#.#
#.#
#.#
#.#
#.#
#.#
#)#
#g#
#♣#
#)#
#.#
#.#
#.#
#.#
#.#
#.#


You could see a goblin (confused).

Vanquished Creatures
  An ice beast (D:2)
  Robin (D:2)
  An adder (D:2)
  An ooze (D:1)
  A worm (D:2)
  A leopard gecko (D:1)
  2 giant cockroaches (D:1)
  6 goblins
  6 hobgoblins
  4 kobolds
  3 bats (D:1)
  2 frilled lizards
  3 rats (D:1)
32 creatures vanquished.

Notes
Turn   | Place    | Note
-------+----------+-------------------------------------------
     0 | D:1      | Lanoc the Demonspawn Chaos Knight began the quest for the
                  | Orb.
     0 | D:1      | Reached XP level 1. HP: 18/18 MP: 1/1
    53 | D:1      | XOM: butterfly on damage
    65 | D:1      | Reached skill level 1 in Dodging
   335 | D:1      | Gained mutation: You have sharp toenails. [demonic
                  | ancestry]
   335 | D:1      | Reached XP level 2. HP: 8/24 MP: 2/2
   748 | D:1      | XOM: divination: detect creatures
   832 | D:2      | Found a glowing silver altar of Zin.
   834 | D:2      | Noticed an ice beast
   840 | D:2      | Killed an ice beast
   840 | D:2      | Reached skill level 1 in Shields
   840 | D:2      | Reached XP level 3. HP: 29/29 MP: 3/3
   840 | D:2      | Gained mutation: You regenerate a little health from kills.
                  | [demonic ancestry]
   840 | D:2      | Reached XP level 4. HP: 36/36 MP: 4/4
   865 | D:2      | Found a radiant altar of Vehumet.
   923 | D:2      | Reached XP level 5. HP: 37/42 MP: 5/5
   926 | D:2      | XOM: divination: detect items
   938 | D:2      | Noticed Robin
   940 | D:2      | XOM: harmless Summ miscast
   971 | D:2      | Killed Robin
   971 | D:2      | HP: 3/63 [poisoned by Robin]
   972 | D:2      | HP: 1/63 [poisoned by Robin]
   973 | D:2      | Succumbed to Robin's poison

Skill      XL: |  1  2 |
---------------+-------+-----
Dodging        | 1 2 |  2.0
Armour         | 2 |  2.6
Long Blades    | 3 |  3.6
Shields        | 1 |  1.2
Fighting       | |  3.7

Action                   |  1- 3 |  4- 6 || total
-------------------------+-------+-------++-------
Melee: Falchion          |    72 |    38 ||   110
       Kick              |     9 |     9 ||    18
  Use: Potion            |       |     5 ||     5
       Scroll            |       |     1 ||     1
 Stab: Paralysed         |       |     1 ||     1
Armor: Leather armour    |    39 |     9 ||    48
       Skin              |       |     9 ||     9
Dodge: Dodged            |    48 |    22 ||    70
Block: Buckler           |     5 |     7 ||    12
       Rpst.: Falchion   |    13 |     7 ||    20
